 Dungeon Crawl Stone Soup version 0.22-a0-433-gd2a9cce (webtiles) character file.

64 theanonym the Poker (level 3, -1/29 HPs)
             Began as a Mummy Abyssal Knight on May 27, 2018.
             Was a Believer of Lugonu.
             Killed from afar by Natasha (6 damage)
             ... with a magic dart
             ... on level 2 of the Dungeon.
             The game lasted 00:02:00 (829 turns).

theanonym the Poker (Mummy Abyssal Knight)           Turns: 829, Time: 00:02:01

Health: -1/29      AC:  7    Str: 16    XL:     3   Next: 91%
Magic:  4/4        EV: 10    Int: 11    God:    Lugonu [**....]
Gold:   87         SH:  0    Dex: 11    Spells: 2/2 levels left

rFire    x . .     SeeInvis .   a - +1 spear
rCold    + . .     Gourm    .   (no shield)
rNeg     + + +     Faith    .   c - +1 ring mail
rPois    ∞         Spirit   .   d - +0 helmet
rElec    .         Reflect  .   (no cloak)
rCorr    .         Harm     .   (no gloves)
MR       .....                  (no boots)
Stlth    +.........             (no amulet)
HPRegen  0.09/turn              (no ring)
MPRegen  0.09/turn              (no ring)

@: slowed, very slow
A: no food or potions, fire vulnerability, cold resistance 1, negative energy
resistance 3, torment resistance, unbreathing
a: Depart the Abyss, Bend Space, Renounce Religion


Innate Abilities, Weirdness & Mutations

You do not eat or drink.
Your flesh is vulnerable to fire.
You are immune to poison.
Your flesh is cold resistant. (rC+)
You are immune to negative energy. (rN+++)
You are immune to unholy pain and torment.
You can survive without breathing.


   Skills:
 - Level 3.0 Fighting
 + Level 3.5 Polearms
 - Level 1.5 Armour
 - Level 0.7 Dodging
 - Level 1.5 Invocations


You had 2 spell levels left.
You didn't know any spells.
Your spell library was empty.

Skill      XL: |  1  2  3 |
---------------+----------+-----
Polearms       | 2 3 |  3.5
Fighting       | |  3.0
Armour         | |  1.5
Dodging        | |  0.7
Invocations    | |  1.5

Action                   || total
-------------------------++-------
Melee: Spear             ||   105
  Use: Scroll            ||     4
Armor: Leather armour    ||     5
       Ring mail         ||    20
Dodge: Dodged            ||    43

Inventory:

Hand Weapons
 a - a +1 spear (weapon)
Armour
 c - a +1 ring mail (worn)
   (You found it on level 1 of the Dungeon)
 d - a +0 helmet (worn)
   (You found it on level 1 of the Dungeon)
Scrolls
 n - a scroll of remove curse
 B - a scroll of blinking


You were on level 2 of the Dungeon.
You worshipped Lugonu.
Lugonu was pleased with you.
You were not hungry.

You visited 1 branch of the dungeon, and saw 2 of its levels.
You visited the Abyss 1 time.

You collected 87 gold pieces.

Dungeon Overview and Level Annotations

Branches:
Dungeon (2/15)

Altars:
Sif Muna

Annotations:
D:2 Natasha

*#.# #.#### ,..# #....# ####***
#..#)### ,,,,,,* #......# ,,,,,,*
#.#.##(# ,,,,,,* #.#.##.# ,,,,,,*
#.####5# ,,,,,,* ###'####h#
,,,,,,*##≈≈.≈≈##@#
,,,,,,*#≈≈≈.≈≈≈#.#
,*,,,,*#≈≈...≈≈###
,,,,,,*#≈≈._.≈≈# ,,,,,,,#≈≈...≈≈#
************* ,,,,,,,#≈≈≈≈≈≈≈#
**,,,**,,,,,,*
,,,,*,,##≈≈≈≈≈##**,,,,,*,****,***
,,,,,,,*#######**,,,,,,,,****,,,,
,*,***,* *,,,,,,,,,,,,,,,,,,,,,


You could see an iron imp and Natasha.

Notes
Turn   | Place    | Note
-------+----------+-------------------------------------------
     0 | Abyss:1  | theanonym the Mummy Abyssal Knight began the quest for the Orb.
     0 | Abyss:1  | Reached XP level 1. HP: 18/18 MP: 2/2
    12 | D:1      | Escaped the Abyss
    44 | D:1      | HP: 8/18 [hobgoblin/club (5)]
    52 | D:1      | HP: 7/18 [goblin/dagger (1)]
    57 | D:1      | Reached skill level 2 in Polearms
    61 | D:1      | HP: 6/18 [goblin/dagger (1)]
    77 | D:1      | Reached XP level 2. HP: 10/24 MP: 3/3
    90 | D:1      | HP: 9/24 [hobgoblin/club (2)]
    95 | D:1      | HP: 7/24 [goblin (2)]
   509 | D:1      | Reached XP level 3. HP: 27/29 MP: 4/4
   517 | D:1      | Reached skill level 3 in Polearms
   520 | D:1      | Reached ** piety under Lugonu
   703 | D:2      | Found a deep blue altar of Sif Muna.
   720 | D:2      | Noticed Natasha
   746 | D:2      | Killed Natasha
   797 | D:2      | Noticed Natasha
   823 | D:2      | HP: 13/29 [Natasha (2)]
   828 | D:2      | HP: 5/29 [Natasha (3)]
   829 | D:2      | Killed from afar by Natasha

Vanquished Creatures
  Natasha (D:2)
  An ooze (D:1)
  2 dart slugs (D:1)
  A leopard gecko (D:1)
  4 giant cockroaches (D:1)
  5 goblins (D:1)
  5 hobgoblins (D:1)
  2 kobolds
  A ball python (D:1)
  3 bats
  3 frilled lizards (D:1)
  A rat (D:1)
29 creatures vanquished.

Table legend:
 A = Turns spent in this place as a percentage of turns spent in the entire game.
 B = Non-inter-level travel turns spent in this place as a percentage of non-inter-level travel turns spent in the entire game.
 C = Inter-level travel turns spent in this place as a percentage of turns spent in this place.
 D = Turns resting spent in this place as a percentage of non-inter-level travel turns spent in this place.
 E = Turns spent auto-exploring this place as a percentage of non-inter-level travel turns spent in this place.
 F = Non-inter-level travel turns spent in this place divided by the number of levels of this place that you've seen.
                   A       B       C       D       E      F
               +-------+-------+-------+-------+-------+----------------------
         Total | 100.0 | 100.0 |   2.9 |  29.7 |  38.1 | 268.3
       Dungeon |  98.6 |  98.5 |   2.9 |  30.1 |  38.2 | 396.5
         Abyss |   1.4 |   1.5 |   0.0 |   0.0 |  33.3 |  12.0
               +-------+-------+-------+-------+-------+----------------------
